 Dungeon Crawl Stone Soup version 0.21-b1-21-g86478ac299 (webtiles) character file.

639 Pixllover the Cudgeler (level 7, -3/61 HPs)
             Began as a Minotaur Berserker on Jan 4, 2018.
             Was a Priest of Trog.
             Slain by an orc wizard
             ... wielding a +3 dagger of electrocution
              (14 damage)
             ... on level 5 of the Dungeon.
             The game lasted 00:08:44 (3057 turns).

Pixllover the Cudgeler (Minotaur Berserker)         Turns: 3057, Time: 00:08:46

Health: -3/61      AC:  9    Str: 21 (23) XL:     7   Next: 25%
Magic:  6/6        EV: 11    Int:  1 (4)  God:    Trog [***...]
Gold:   173        SH:  0    Dex: 10      Spells: 6/6 levels left

rFire    . . .     SeeInvis .   a - +0 mace
rCold    . . .     Gourm    .   (no shield)
rNeg     . . .     Faith    .   d - +0 scale mail
rPois    .         Spirit   .   (helmet restricted)
rElec    .         Reflect  .   (no cloak)
rCorr    +         Harm     .   f - +0 pair of gloves
MR       +....                  m - +0 pair of boots
Stlth    ..........             (no amulet)
HPRegen  0.20/turn              b - ring of protection from magic
MPRegen  0.10/turn              h - ring of resist corrosion

@: berserk cooldown, slowed, very slow
A: retaliatory headbutt, horns 2
a: Berserk, Trog's Hand, Burn Spellbooks, Renounce Religion


You were on level 5 of the Dungeon.
You worshipped Trog.
Trog was most pleased with you.
You were near starving.

You visited 1 branch of the dungeon, and saw 5 of its levels.

You collected 173 gold pieces.

Inventory:

Hand Weapons
 a - a +0 mace (weapon)
Armour
 d - a +0 scale mail (worn)
 f - a +0 pair of gloves (worn)
 k - a +0 ring mail
 m - a +0 pair of boots (worn)
Jewellery
 b - a ring of protection from magic (left hand)
 h - a ring of resist corrosion (right hand)
 o - an uncursed amulet of harm {unknown}
Wands
 j - a wand of flame (35)
Scrolls
 l - a scroll of fear
 p - a scroll of immolation {unknown}
Potions
 e - 4 potions of heal wounds
 g - 2 potions of curing
 n - a potion of might
 q - a potion of berserk rage {unknown}
Comestibles
 c - 3 rations
 i - 2 chunks of flesh


   Skills:
 + Level 5.5 Fighting
 + Level 7.3 Maces & Flails
 + Level 4.3 Armour
 + Level 3.9 Dodging
 + Level 1.3 Stealth


You had 6 spell levels left.
You didn't know any spells.

Dungeon Overview and Level Annotations

Branches:
Dungeon (5/15)             Temple (0/1) D:5

Altars:
Nemelex Xobeh


Innate Abilities, Weirdness & Mutations

You reflexively headbutt those who attack you in melee.
You have a pair of horns on your head.


Message History

You feel your strength returning.
You feel a bit more experienced. The orc wizard closely misses you.
The orc wizard misses you.
You see here a sky beast corpse.
Your scale mail prevents you from hitting the orc wizard.
The orc wizard gestures at you while chanting.
The magic dart hits you!
You closely miss the orc wizard.
The orc wizard hits you with a dagger of electrocution.
You are electrocuted!
* * * LOW HITPOINT WARNING * * *
The orc wizard hits you but does no damage.
You closely miss the orc wizard.
You are no longer berserk.
You are exhausted.
You feel yourself slow down.
The orc wizard hits you with a dagger of electrocution.
* * * LOW HITPOINT WARNING * * *
You are electrocuted!
You die...

#..>. ..### #..P. #
..#.# #.# #....
#.###.###.#.#####..##
#.#..:..#.......#.##
#.#'#.###.#.......#
#...#.#...#.###.#.#
#..o###..# #.#.#
#..o@...###.###.#.#
#.......#.........# #
#.........#####..##.#
##.#.##......>......#
#.#.##.#######..####
#.#.##.# #..#
#.#.##.#######..##.#
#.................#
###..............#.#


You could see 2 orc wizards.

Vanquished Creatures
  The ghost of qepasa the Sneak, an amateur FoEn of Sif Muna (D:3)
  A sky beast (D:5)
  An ogre (D:4)
  2 orc priests (D:3)
  A bullfrog skeleton (D:4)
  2 worker ants
  2 orc wizards (D:5)
  4 adders
  A gnoll (D:1)
  A howler monkey skeleton (D:4)
  An ooze (D:2)
  An adder skeleton (D:4)
  A worm (D:4)
  5 dart slugs
  5 orcs
  A ball python (D:4)
  2 bats
  4 giant cockroaches
  11 goblins
  7 hobgoblins
  2 jackals (D:2)
  2 quokkas (D:4)
  5 frilled lizards
  6 kobolds
  5 rats
74 creatures vanquished.

Notes
Turn   | Place    | Note
-------+----------+-------------------------------------------
     0 | D:1      | Pixllover the Minotaur Berserker began the quest for the Orb.
     0 | D:1      | Reached XP level 1. HP: 19/19 MP: 0/0
    65 | D:1      | Reached XP level 2. HP: 18/27 MP: 1/1
   172 | D:1      | Reached skill level 4 in Maces & Flails
   257 | D:1      | Reached XP level 3. HP: 33/33 MP: 2/2
   287 | D:1      | Found a sparkling altar of Nemelex Xobeh.
   893 | D:2      | Reached ** piety under Trog
  1064 | D:2      | Reached XP level 4. HP: 41/41 MP: 3/3
  1421 | D:3      | Noticed qepasa's ghost (amateur FoEn)
  1429 | D:3      | Killed qepasa's ghost
  1429 | D:3      | Reached skill level 5 in Maces & Flails
  1429 | D:3      | Reached XP level 5. HP: 44/47 MP: 4/4
  1462 | D:3      | Reached skill level 5 in Fighting
  1464 | D:3      | Reached skill level 6 in Maces & Flails
  1471 | D:3      | Reached XP level 6. HP: 17/56 MP: 5/5
  2561 | D:4      | Reached skill level 1 in Stealth
  2664 | D:4      | Reached *** piety under Trog
  2972 | D:5      | Entered Level 5 of the Dungeon
  2983 | D:5      | Found a staircase to the Ecumenical Temple.
  3031 | D:5      | Noticed a sky beast
  3046 | D:5      | Reached skill level 7 in Maces & Flails
  3046 | D:5      | Reached XP level 7. HP: 60/61 MP: 6/6
  3057 | D:5      | Slain by an orc wizard

Skill      XL: |  1  2  3  4  5  6  7 |
---------------+----------------------+-----
Fighting       | 4 5 |  5.5
Maces & Flails | 4 5 6 7 |  7.3
Armour         | 3 4 |  4.3
Dodging        | 3 |  3.9
Stealth        | 1 |  1.3

Action                   |  1- 3 |  4- 6 |  7- 9 || total
-------------------------+-------+-------+-------++-------
Melee: Mace              |    65 |    87 |     9 ||   161
       Headbutt          |    15 |    20 |     1 ||    36
Invok: Berserk           |       |     3 |       ||     3
Evoke: Wand              |       |     1 |       ||     1
  Use: Scroll            |     4 |     4 |       ||     8
       Potion            |       |     4 |       ||     4
  Eat: Chunk             |       |     8 |       ||     8
Armor: Animal skin       |    14 |       |       ||    14
       Ring mail         |     3 |    14 |       ||    17
       Scale mail        |       |    17 |     5 ||    22
Dodge: Dodged            |    53 |    62 |     4 ||   119
